 Dungeon Crawl Stone Soup version 0.29-a0-330-g52719c12eb (webtiles) character file.

Game seed: 11335229278993263333

30 kae the Firebug (level 3, 0/22 HPs)
             Began as an Octopode Fire Elementalist on Apr 18, 2022.
             Slain by a kobold
             ... wielding a +0 short sword
              (1 damage)
             ... on level 2 of the Dungeon.
             The game lasted 00:00:32 (1380 turns).

kae the Firebug (Octopode Fire Elementalist)        Turns: 1380, Time: 00:00:32

Health: 0/22       AC:  1    Str:  7    XL:     3   Next: 20%
Magic:  4/6        EV: 13    Int: 19    God:
Gold:   23         SH:  0    Dex: 12    Spells: 0/6 levels left

rFire   . . .      SeeInvis .   h - +0 quarterstaff
rCold   . . .      Faith    .   (shield currently unavailable)
rNeg    . . .      Spirit   .   (helmet restricted)
rPois   .          Reflect  .   (no amulet)
rElec   .          Harm     .   (no ring)
rCorr   .          Rampage  .   (no ring)
Will    .....                   (no ring)
Stlth   +++.......              (no ring)
HPRegen 0.07/turn               (no ring)
MPRegen 0.10/turn               (no ring)
                                (no ring)
                                (no ring)

@: flying
A: almost no armour, amphibious, 8 rings, camouflage 1, gelatinous body 1,
(nimble swimmer 1), tentacles
a: no special abilities


You were on level 2 of the Dungeon.
You visited 1 branch of the dungeon, and saw 2 of its levels.

You collected 23 gold pieces.

Inventory:

Hand Weapons
 h - a +0 quarterstaff (weapon)
Scrolls
 b - 2 scrolls of identify {unknown}
 d - a scroll of vulnerability {unknown}
Potions
 a - a potion of magic
 e - a potion of invisibility {unknown}
 f - a potion of heal wounds {unknown}
 g - a potion of curing {unknown}


   Skills:
 + Level 0.5 Fighting
 + Level 2.1 Dodging
 + Level 3.4 Stealth
 + Level 2.1 Spellcasting
 + Level 1.3 Conjurations
 * Level 3.4 Fire Magic


You couldn't memorise any spells.
You knew the following spells:

 Your Spells              Type           Power      Damage    Failure   Level
a - Foxfire               Conj/Fire      44%        2x1d6     6%          1
b - Scorch                Fire           30%        2d6       6%          2
c - Conjure Flame         Conj/Fire      11%        6-21      19%         3

Your spell library contained the following spells:

 Spells                   Type           Power      Damage    Failure   Level
 Inner Flame              Hex/Fire       8%         N/A       24%         3
 Ensorcelled Hibernation  Hex/Ice        4%         N/A       26%         2
 Spider Form              Tmut/Pois      2%         N/A       45%         3
 Flame Wave               Conj/Fire      11%        2d5       52%         4
 Anguish                  Hex/Necr       1%         N/A       86%         4


Dungeon Overview and Level Annotations

Branches:
Dungeon (2/15)

Altars:


Innate Abilities, Weirdness & Mutations

You cannot wear most types of armour.
You are amphibious.
You can wear up to eight rings at the same time.
Your skin changes colour to match your surroundings (Stealth+).
Your rubbery body absorbs attacks. (AC +1, EV +1)
((You are camouflaged when in or above water. (Stealth+)))
You have tentacles for arms and can constrict up to eight enemies at once.


Message History

The endoplasm is severely wounded.
An adder comes into view.
The endoplasm hits you.
You sock the endoplasm!
You kill the endoplasm!
The adder hisses angrily.
You hear a shout!
An adder is nearby!
A kobold comes into view. It is wielding a +0 short sword.
There are monsters nearby!
There are monsters nearby!
Casting: Foxfire (safe; 6% risk of failure)
Confirm with . or Enter, or press ? or * to list all spells.
You conjure some foxfire!
The adder closely misses you. The adder bites you. The adder bites you.
You are poisoned.
The adder poisons you!
You sock the adder! Your grab misses the adder.
The adder is severely wounded.
You feel very sick. The adder bites you. x2
You are too injured to fight recklessly!
You are too injured to fight recklessly!
You are too injured to fight recklessly!
You closely miss the adder. Your grab misses the adder.
The adder is severely wounded.
You feel sick. The adder bites you.
You hit the adder. Your grab misses the adder.
The adder is almost dead.
You feel sick. The adder misses you. The adder closely misses you.
It was a potion of flight.
You feel very buoyant.
You fly up into the air.
You feel sick. The adder bites you.
* * * LOW HITPOINT WARNING * * *
You barely miss the adder. You grab the adder. You squeeze the adder.
You kill the adder!
* * * LOW HITPOINT WARNING * * *
You feel sick.
You are no longer poisoned.
The kobold hits you with a +0 short sword.
You die...

## #...#
###...###
#.......#
#.......#
#.......#
###...### ..###
#...#
......######.##
......K@.....#
#..##.########
#


You could see a kobold.

Vanquished Creatures
  An adder (D:2)
  2 dart slugs (D:1)
  3 bats
  5 endoplasms
  A giant cockroach (D:1)
  4 goblins
  5 ball pythons (D:1)
  3 frilled lizards
  3 rats
27 creatures vanquished.

Vanquished Creatures (others)
  75 foxfires
75 creatures vanquished.

Grand Total: 102 creatures vanquished

Notes
Turn   | Place    | Note
-------+----------+-------------------------------------------
     0 | D:1      | kae the Octopode Fire Elementalist began the quest for the
                  | Orb.
     0 | D:1      | Reached XP level 1. HP: 11/11 MP: 3/3
    27 | D:1      | You fall into a shaft and drop 1 floor!
   391 | D:1      | Reached XP level 2. HP: 17/17 MP: 3/5
   977 | D:1      | Reached XP level 3. HP: 21/22 MP: 3/6
   980 | D:1      | Learned a level 2 spell: Scorch
   984 | D:1      | Learned a level 3 spell: Conjure Flame
  1380 | D:2      | HP: 1/22 [poisoned by an adder]
  1380 | D:2      | Slain by a kobold

Illustrated notes

Levels and vault maps discovered:
D:1:      mrwooster_arrival_statue_3, layout_basic, palyth_stone_intersect
D:2:      layout_loops_corners, serial_shops, nicolae_lakefront_shop,
          shapermc_ecumenical_altar_hornbeckon, st_stairs_11

Skill      XL: |  1  2 |
---------------+-------+-----
Stealth        | 3 |  3.4
Fighting       | |  0.5
Dodging        | |  2.1
Spellcasting   | |  2.1
Conjurations   | |  1.3
Fire Magic     | |  3.4

Action                   || total
-------------------------++-------
Melee: Unarmed           ||     4
       Constrict         ||     4
       Quarterstaff      ||     6
       Tentacles         ||     1
 Cast: Foxfire           ||    51
  Use: Potion            ||     1
 Stab: Sleeping          ||     1
Armor: Skin              ||     1
Dodge: Dodged            ||    12

Table legend: (Time is in decaauts)
 A = Elapsed time spent in this place.
 B = Non-inter-level travel time spent in this place.
 C = Inter-level travel time spent in this place.
 D = Time resting spent in this place.
 E = Time spent auto-exploring this place.
 F = Levels seen in this place.
 G = Mean time per level.
                   A        B        C        D        E       F      G
               +--------+--------+--------+--------+--------+-----+--------+
         Total |   1381 |   1323 |     58 |      0 |   1131 |   2 |  690.5 |
       Dungeon |   1381 |   1323 |     58 |      0 |   1131 |   2 |  690.5 |
               +--------+--------+--------+--------+--------+-----+--------+

Top non-repeatable levels by time:
     D:1: 1139 daAuts
     D:2: 242 daAuts
